 Dungeon Crawl Stone Soup version 0.30.1-11-g7821555f0a (webtiles) character file.

Game seed: 14418941951968958615

620 MortyMaxwell the Magician (level 7, -2/48 HPs)
             Began as a Djinni Necromancer on Dec 18, 2023.
             Was a Believer of Nemelex Xobeh.
             Slain by an orc
             ... wielding a +2 flail of draining
              (5 damage)
             ... on level 5 of the Dungeon.
             The game lasted 00:14:53 (3385 turns).

MortyMaxwell the Magician (Djinni Necromancer)      Turns: 3385, Time: 00:14:54

Health: -2/48      AC:  3    Str: 11    XL:     7   Next: 75%
Gold:   200        EV: 13    Int: 17    God:    Nemelex Xobeh [**....] SH:  0 Dex: 16

rFire   + . .        s - +5 dagger of Premature Burial {drain, Str+2}
rCold   x . .        (no shield)
rNeg    . . .        g - +1 robe "Dosu" {rF- Dex+3 Stlth+}
rPois   ∞            (no helmet)
rElec   .            (no cloak)
rCorr   .            (no gloves)
SInv    .            (boots unavailable)
Will    .....        (no amulet)
Stlth   +++          (no ring)
HPRegen 0.28/turn    (no ring)
MPRegen 0.00/turn

%: infuse magic (-3 HP)
@: on blink cooldown, flying, very slightly contaminated
A: sickness immunity, fire resistance 2, cold vulnerability 1, float, innate
caster, HP casting, extra vitality 1
a: Renounce Religion, Draw Escape, Draw Destruction, Draw Summoning


You were on level 5 of the Dungeon.
You worshipped Nemelex Xobeh.
Nemelex Xobeh was pleased with you.
You visited 1 branch of the dungeon, and saw 5 of its levels.

You collected 200 gold pieces.

Inventory:

Hand Weapons
 c - a +2 quarterstaff of chaos
 s - the +5 dagger of Premature Burial (weapon) {drain, Str+2}
   (You found it on level 4 of the Dungeon)

   Str:       It affects your strength (+2).
Missiles
 b - 4 throwing nets (quivered)
 f - 6 atropa-tipped darts
Armour
 a - a +0 robe
 g - the +1 robe "Dosu" (worn) {rF- Dex+3 Stlth+}
   (You found it on level 3 of the Dungeon)

   Dex:       It affects your dexterity (+3).
   rF:        It makes you vulnerable to fire.
   Stlth:     It makes you more stealthy.
Scrolls
 h - 3 scrolls of teleportation
 k - 2 scrolls of amnesia
 m - a scroll of fog
 o - a scroll of noise {unknown}
 p - a scroll of immolation
 q - a scroll of poison {unknown}
Potions
 d - a potion of resistance
 e - a potion of lignification {unknown}
 i - a potion of heal wounds {unknown}
 j - a potion of mutation {unknown}
 l - a potion of magic {unknown}
 n - 2 potions of cancellation {unknown}
 u - 2 potions of flight {unknown}


   Skills:
 * Level 1.7 Fighting
 * Level 1.2 Short Blades
 - Level 0.4 Staves
 * Level 1.2 Throwing
 * Level 1.6 Armour
 * Level 3.0 Dodging
 * Level 2.9 Stealth
 * Level 5.3 Spellcasting
 * Level 1.3 Invocations


You knew the following spells:

 Your Spells              Type           Power      Damage    Failure   Level
a - Necrotise             Necr           88%        1d8       1%          1
b - Vampiric Draining     Necr           22%        2d7       4%          3
c - Animate Dead          Necr           22%        N/A       16%         4
d - Agony                 Necr           22%        N/A       38%         5
e - Sting                 Tmut/Pois      88%        1d7       1%          1
f - Blink                 Tloc           44%        N/A       2%          2
g - Ensorcelled Hibernat  Hex/Ice        44%        N/A       2%          2
Your spell library was empty.

Dungeon Overview and Level Annotations

Branches:
Dungeon (5/15)             Temple (0/1) D:5

Altars:
Nemelex Xobeh


Innate Abilities, Weirdness & Mutations

You are immune to sickness and miasma.
You are immune to poison.
Your flesh is very heat resistant. (rF++)
You are vulnerable to cold. (rC-)
You float through the air rather than walking.
You learn spells naturally, not from books.
Your magical power is your life essence.
You have superior vitality. (+4 MHP)


Message History

Your hell hound breathes flames at the acid dragon.
The blast of flame misses the acid dragon.
Casting: Vampiric Draining (dangerous; 4% risk of failure)
Confirm with . or Enter, or press ? or * to list all spells.
Aiming: Vampiric Draining (dangerous; 4% risk of failure)
Press: ? - help, Shift-Dir - straight line, f - bullfrog
Aim: a bullfrog (lightly wounded)
You miscast Vampiric Draining.
You are very lightly contaminated with residual magic.
Nothing appears to happen.
The bullfrog hits you.
* * * LOW HITPOINT WARNING * * *
Your hell hound bites the acid dragon!
Your ogre zombie barely misses the acid dragon.
Okay, then.
You draw a card...
You have drawn the Cloud.
Clouds appear around you! The bullfrog hits you!
* * * LOW HITPOINT WARNING * * *
The bullfrog misses you. The bullfrog attacks as you move away!
The bullfrog hits you.
* * * LOW HITPOINT WARNING * * *
You feel better. The bullfrog hits you.
* * * LOW HITPOINT WARNING * * *
The bullfrog closely misses you.
Casting: Vampiric Draining (dangerous; 4% risk of failure)
Confirm with . or Enter, or press ? or * to list all spells.
Okay, then.
Casting: Vampiric Draining (dangerous; 4% risk of failure)
Confirm with . or Enter, or press ? or * to list all spells.
You blink.
Found a long sword.
* * * LOW HITPOINT WARNING * * *
You hear some strange, mumbled words.
Something tries to affect you, but you resist.
Unknown command.
You draw a card...
You have drawn Velocity.
The bullfrog seems to slow down.
The deck of cards glows slightly and disappears.
The bullfrog hits you but does no damage.
The orc attacks as you move away!
The orc hits you with a +2 flail of draining.
You die...
Your body glows slightly and disappears.

...###.....(.##.##.##.##...#
.. #).....)#...[.....#...#
#.....................#
....<.#.###..⌠...⌠..#...#
.......#.###.........#...#
........#.#......>........#
..#.........#.........#...#
..#..$....###..⌠...⌠..#..##
........@F.......##
.)###...o.....###
..##.##o##.### #....o{Zh.#.#
.###..#D...#!####
.......Z...)....#
........######### .....o..#
........#


You could see a bullfrog (slow), 2 orcs, a friendly hell hound (summoned) and a
friendly ogre zombie (corroded).

Vanquished Creatures
  Sigmund (D:5)
  The ghost of Taita the Grave Robber, an amateur HONe (D:4)
  2 ogres (D:5)
  An orc priest (D:3)
  Crazy Yiuf (D:2)
  5 adders
  2 worms (D:2)
  3 dart slugs
  5 orcs
  7 bats
  4 endoplasms
  3 giant cockroaches (D:1)
  4 goblins
  6 hobgoblins
  6 kobolds
  2 quokkas (D:1)
  3 ball pythons (D:1)
  A frilled lizard (D:1)
  2 rats
59 creatures vanquished.

Vanquished Creatures (collateral kills)
  An endoplasm (D:1)
  A goblin (D:1)
  A bat (D:1)
  A frilled lizard (D:2)
  A rat (D:2)
5 creatures vanquished.

Vanquished Creatures (others)
  An ogre zombie (D:5)
1 creature vanquished.

Grand Total: 65 creatures vanquished

Notes
Turn   | Place    | Note
-------+----------+-------------------------------------------
     0 | D:1      | MortyMaxwell the Djinni Necromancer began the quest for the
                  | Orb.
     0 | D:1      | MortyMaxwell set off with the following spells memorised:
                  | Necrotise, Vampiric Draining, Animate Dead, Agony.
     0 | D:1      | Reached XP level 1. HP: 15/15 MP: 0/0
    48 | D:1      | Reached XP level 2. HP: 20/21 MP: 0/0
   125 | D:2      | Reached XP level 3. HP: 9/25 MP: 0/0
   125 | D:2      | Learned a level 1 spell: Sting
   464 | D:3      | Identified the +1 robe "Dosu" {rF- Dex+3 Stlth+}
   555 | D:3      | Found a sparkling altar of Nemelex Xobeh.
   559 | D:3      | Became a worshipper of Nemelex Xobeh the Trickster
   770 | D:3      | Reached skill level 4 in Spellcasting
   770 | D:3      | Reached XP level 4. HP: 30/31 MP: 0/0
  1188 | D:2      | Found a runed translucent door.
  1189 | D:2      | Noticed Crazy Yiuf
  1196 | D:2      | Killed Crazy Yiuf
  1197 | D:2      | Reached XP level 5. HP: 16/36 MP: 0/0
  1197 | D:2      | Learned a level 2 spell: Blink
  1340 | D:2      | Reached * piety under Nemelex Xobeh
  1341 | D:2      | Found a faded altar of an unknown god.
  2375 | D:1      | Received a gift from Nemelex Xobeh
  2604 | D:4      | Reached ** piety under Nemelex Xobeh
  2671 | D:4      | Identified the +5 dagger of Premature Burial {drain, Str+2}
  3135 | D:4      | Found a large runed translucent door.
  3135 | D:4      | Found a large runed translucent door.
  3139 | D:4      | Noticed Taita's ghost (amateur HONe)
  3147 | D:4      | Killed Taita's ghost
  3148 | D:4      | Reached skill level 1 in Fighting
  3148 | D:4      | Reached skill level 1 in Armour
  3148 | D:4      | Reached XP level 6. HP: 42/42 MP: 0/0
  3241 | D:5      | Entered Level 5 of the Dungeon
  3241 | D:5      | Noticed an ogre
  3241 | D:5      | Found a staircase to the Ecumenical Temple.
  3246 | D:5      | Killed an ogre
  3246 | D:5      | Noticed an ogre
  3247 | D:5      | Reached skill level 5 in Spellcasting
  3247 | D:5      | Reached XP level 7. HP: 44/47 MP: 0/0
  3247 | D:5      | Learned a level 2 spell: Ensorcelled Hibernation
  3256 | D:5      | Reached skill level 1 in Short Blades
  3256 | D:5      | Reached skill level 1 in Throwing
  3256 | D:5      | Reached skill level 1 in Invocations
  3259 | D:5      | Noticed Sigmund
  3270 | D:5      | Killed Sigmund
  3366 | D:5      | Noticed a rust devil
  3373 | D:5      | Noticed an acid dragon
  3385 | D:5      | Slain by an orc

Illustrated notes

Levels and vault maps discovered:
D:1:      wander_arrival_fairy_ring, layout_loops_cross, kennysheep_doodads
D:2:      wad_pebble_path, layout_loops_ring,
          shapermc_ecumenical_altar_starsandcircs, minmay_misc_feat_iff,
          uniq_crazy_yiuf_cottage
D:3:      layout_basic, nemelex_diamond_rough_becter, old_standard_altar
D:4:      layout_loops_ring, ebering_ghost_disaster_area
D:5:      layout_rooms, minmay_temple_entry_large_hall, gammafunk_ghost_smash,
          uniq_sigmund

Skill      XL: |  1  2  3  4  5  6  7 |
---------------+----------------------+-----
Spellcasting   | 4 5 |  5.3
Fighting       | 1 |  1.7
Armour         | 1 |  1.6
Stealth        | 2 |  2.9
Short Blades   | 1 |  1.2
Throwing       | 1 |  1.2
Invocations    | 1 |  1.3
Dodging        | 3 |  3.0
Staves         | |  0.4

Action                     |  1- 3 |  4- 6 |  7- 9 || total
---------------------------+-------+-------+-------++-------
  Melee: Unarmed           |     2 |       |       ||     2
         Quarterstaff      |       |    32 |       ||    32
         Dagger            |       |     3 |     5 ||     8
   Cast: Necrotise         |    21 |     3 |       ||    24
         Sting             |    10 |    14 |     1 ||    25
         Vampiric Draining |     5 |    17 |     7 ||    29
         Animate Dead      |       |     3 |       ||     3
         Blink             |       |       |     2 ||     2
         Ensorcelled Hiber |       |       |     2 ||     2
 Invoke: Draw Destruction  |       |     2 |     2 ||     4
         Draw Escape       |       |       |     2 ||     2
         Draw Summoning    |       |       |     1 ||     1
    Use: Scroll            |     4 |     3 |     2 ||     9
         Potion            |       |     1 |     1 ||     2
   Stab: Sleeping          |       |     6 |     1 ||     7
 Armour: Robe              |     8 |     9 |     3 ||    20
  Dodge: Dodged            |    18 |    22 |    13 ||    53
